 Dungeon Crawl Stone Soup version 0.22.1-5-g62c59d919a (webtiles) character file.

4549 Gargoyl the Cleaver (level 10, -2/83 HPs)
             Began as a Centaur Abyssal Knight on Jan 8, 2019.
             Was a High Priest of Lugonu.
             Killed from afar by a centaur (14 damage)
             ... with a wand of acid (12)
             ... on level 8 of the Dungeon.
             The game lasted 00:14:59 (10234 turns).

Gargoyl the Cleaver (Centaur Abyssal Knight)       Turns: 10234, Time: 00:15:00

Health: -2/83      AC: 14    Str: 20    XL:     10   Next: 17%
Magic:  23/23      EV: 10    Int: 11    God:    Lugonu [*****.]
Gold:   155        SH:  0    Dex: 11    Spells: 9/9 levels left

rFire    . . .     SeeInvis .   g - +3 war axe (venom)
rCold    . . .     Gourm    .   (no shield)
rNeg     . . .     Faith    .   m - +5 ring mail of Surprise {+Inv MP+9}
rPois    .         Spirit   .   b - +0 helmet
rElec    .         Reflect  .   p - +1 cloak
rCorr    .         Harm     .   n - +2 pair of gloves
MR       .....                  (no barding)
Stlth    ..........             (no amulet)
HPRegen  0.23/turn              d - +4 ring of strength
MPRegen  0.18/turn              (no ring)

@: corroded, very quick
A: large, hooves 3, deformed body, speed 2, tough skin 3
a: Depart the Abyss, Bend Space, Banish, Corrupt, Enter the Abyss, Renounce
Religion, Evoke Invisibility


You were on level 8 of the Dungeon.
You worshipped Lugonu.
Lugonu was extremely pleased with you.
You were not hungry.

You visited 1 branch of the dungeon, and saw 9 of its levels.
You visited the Abyss 1 time.
You also visited: Ossuary.

You collected 371 gold pieces.
You spent 216 gold pieces at shops.

Inventory:

Hand Weapons
 a - a +2 hand axe
 g - a +3 war axe of venom (weapon)
Armour
 b - a +0 helmet (worn)
 m - the +5 ring mail of Surprise (worn) {+Inv MP+9}
   (You bought it in a shop on level 4 of the Dungeon)

   It affects your magic capacity (+9).
   It lets you turn invisible.
 n - a +2 pair of gloves (worn)
 p - a +1 cloak (worn)
Jewellery
 d - a +4 ring of strength (left hand)
Wands
 y - a wand of random effects (10)
 A - a wand of digging (10)
 C - a wand of enslavement (16)
 E - a wand of paralysis (17)
Scrolls
 e - 8 scrolls of remove curse
 h - 8 scrolls of identify
 k - a scroll of blinking
 q - 2 scrolls of magic mapping
 s - 3 scrolls of teleportation
 t - 2 scrolls of fear
 u - a scroll of amnesia
Potions
 f - a potion of mutation {unknown}
 i - a potion of heal wounds
 j - 3 potions of brilliance {unknown}
 l - a potion of curing
 o - 2 potions of degeneration {unknown}
 r - 2 potions of haste
 v - a potion of agility {unknown}
 w - a potion of might {unknown}
 x - 2 potions of invisibility
 z - a potion of lignification {unknown}
 B - a potion of flight {unknown}
Comestibles
 c - 12 rations


   Skills:
 + Level 6.0 Fighting
 + Level 8.1 Axes
 * Level 5.8 Armour
 * Level 4.2 Dodging
 * Level 6.6 Invocations


You had 9 spell levels left.
You didn't know any spells.
Your spell library contained the following spells:

 Spells                   Type           Power        Failure   Level  Hunger
 Beastly Appendage        Tmut           #.....       50%         1    ##.....
 Confusing Touch          Hex            #.....       50%         1    ##.....
 Sticks to Snakes         Tmut           #.......     65%         2    ###....
 Confuse                  Hex            #.......     86%         3    ####...
 Gell's Gravitas          Tloc           #.........   86%         3    ####...
 Spider Form              Tmut/Pois      #.........   86%         3    ####...
 Ice Form                 Ice/Tmut       #.......     99%         4    #####..
 Petrify                  Tmut/Erth      #.......     99%         4    #####..
 Blade Hands              Tmut           #.........   100%        5    ######.
 Metabolic Englaciation   Hex/Ice        #.........   100%        5    ######.
 Yara's Violent Unravell  Hex/Tmut       #.........   100%        5    ######.


Dungeon Overview and Level Annotations

Branches:
Dungeon (9/15)             Temple (0/1) D:5
   Lair: D:8-11         Orc: D:9-12

Altars:
Fedhas
Makhleb
Nemelex Xobeh
Ru
Uskayaw
Xom
Yredelemnul

Shops:
D:4 ![%

Annotations:
D:8 1 runed door, Zingi's ghost, novice HOMo
Abyss:1 Prince Ribbit


Innate Abilities, Weirdness & Mutations

You have hooves in place of feet.
Armour fits poorly on your strangely shaped body.
You cover ground very quickly.
You have extremely tough skin. (AC +3)


Message History

* * * LOW HITPOINT WARNING * * *
The acid corrodes you!
You are splashed with acid!
The acid burns!
* * * LOW HITPOINT WARNING * * *
It is a wand of acid (12).
The centaur shoots an arrow.
The arrow hits you but does no damage.
The centaur unwields an uncursed shortbow.
The centaur hits you but does no damage.
You see here a wolf corpse.
You slash the centaur!
The centaur is poisoned.
The centaur is moderately wounded.
The centaur hits you.
* * * LOW HITPOINT WARNING * * *
The centaur barely misses you.
You feel better. The centaur completely misses you.
You hit the centaur.
The centaur looks as sick as possible!
You kick the centaur, but do no damage.
The centaur is heavily wounded.
The centaur closely misses you.
The centaur zaps a wand.
The bolt of acid hits you!
You die...

######## #......
#...... #..... ....
#)#### #....#
###..#.##########
#.)).#@#........#######
#.#)##c#..(......†.....
#?#>())[..(...#+#####..
# ######(†....#
#........#
...#.#....!.#
............#
........≈...#
..c....≈≈)...#


You could see a centaur.

Vanquished Creatures
  Pikel (D:6)
  A troll (D:8)
  Eustachio (D:6)
  A water moccasin (D:7)
  2 ice beasts
  4 slaves (D:6)
  2 sky beasts
  3 phantoms
  3 ogres
  A wolf (D:8)
  2 centaurs (D:5)
  3 big kobolds
  2 bullfrogs (D:7)
  10 scorpions
  A wyvern skeleton (D:6)
  A howler monkey (D:6)
  3 centaur zombies (Ossuary)
  3 crimson imps
  A bullfrog zombie (D:7)
  A quasit (D:8)
  3 jellies
  5 orc priests
  2 human zombies (Ossuary)
  7 hounds
  2 bullfrog skeletons
  Crazy Yiuf (D:4)
  3 orc wizards (D:5)
  4 worker ants
  A big kobold zombie (Ossuary)
  2 hound zombies
  A hound skeleton (D:4)
  4 mummies
  8 adders
  4 gnolls (D:9)
  5 scorpion zombies (Ossuary)
  3 shadow imps (D:5)
  An ooze (D:2)
  An adder zombie (D:5)
  3 worms
  3 dart slugs (D:1)
  6 leopard geckos
  19 orcs
  5 giant cockroaches
  10 goblins
  7 hobgoblins
  12 jackals
  4 quokkas
  A ball python (D:1)
  6 bats
  A frilled lizard (D:2)
  2 gnoll zombies (D:5)
  2 goblin zombies (Ossuary)
  21 kobolds
  2 kobold zombies (Ossuary)
  A leopard gecko skeleton (D:4)
  2 orc zombies (Ossuary)
  A quokka zombie (D:5)
  4 rats
215 creatures vanquished.

Vanquished Creatures (others)
  A scorpion (Ossuary)
1 creature vanquished.

Grand Total: 216 creatures vanquished

Notes
Turn   | Place    | Note
-------+----------+-------------------------------------------
     0 | Abyss:1  | Gargoyl the Centaur Abyssal Knight began the quest for the
                  | Orb.
     0 | Abyss:1  | Reached XP level 1. HP: 19/19 MP: 2/2
   164 | Abyss:1  | Noticed an ancient zyme
   164 | D:1      | Escaped the Abyss
   307 | D:1      | Reached * piety under Lugonu
   327 | D:1      | Reached XP level 2. HP: 15/26 MP: 3/3
   660 | D:1      | Reached skill level 2 in Axes
  1066 | D:1      | Reached skill level 1 in Dodging
  1096 | D:1      | Reached XP level 3. HP: 31/31 MP: 4/4
  2035 | D:2      | Reached ** piety under Lugonu
  2035 | D:2      | Reached XP level 4. HP: 26/38 MP: 5/5
  2764 | D:3      | Noticed a big kobold
  2795 | D:3      | Killed a big kobold
  2795 | D:3      | Reached XP level 5. HP: 16/46 MP: 5/7
  3655 | D:4      | Found Lemeuth's Distillery.
  3655 | D:4      | Noticed a phantom
  3686 | D:4      | Killed a phantom
  3686 | D:4      | Reached skill level 3 in Axes
  3686 | D:4      | Reached XP level 6. HP: 14/52 MP: 8/8
  3931 | D:4      | Bought a potion of curing for 36 gold pieces
  4045 | D:4      | Found Kobulug's Antique Armour Shop.
  4224 | D:4      | Found a shimmering altar of Xom.
  4540 | D:4      | Found Xuelon's Food Shoppe.
  4682 | D:4      | Found a runed door.
  4923 | D:4      | Noticed Crazy Yiuf
  4929 | D:4      | Killed Crazy Yiuf
  5051 | D:5      | Entered Level 5 of the Dungeon
  5115 | D:5      | Found a hide-covered altar of Uskayaw.
  5128 | D:5      | Found a staircase to the Ecumenical Temple.
  5135 | D:5      | Reached XP level 7. HP: 52/59 MP: 9/9
  5142 | D:5      | Reached skill level 4 in Axes
  5171 | D:5      | Reached *** piety under Lugonu
  5672 | D:5      | Reached XP level 8. HP: 51/67 MP: 11/11
  5796 | D:5      | Found a basalt altar of Yredelemnul.
  6408 | D:6      | Noticed Prince Ribbit
  6635 | D:6      | Banished Prince Ribbit
  6635 | D:6      | Reached skill level 5 in Axes
  6963 | D:6      | Found a sacrificial altar of Ru.
  7097 | D:6      | Noticed Pikel
  7118 | D:6      | Killed Pikel
  7118 | D:6      | Reached skill level 5 in Fighting
  7118 | D:6      | Reached skill level 5 in Armour
  7118 | D:6      | Reached skill level 5 in Invocations
  7326 | D:4      | Bought a crude ring mail for 180 gold pieces
  7336 | D:4      | Identified the +5 ring mail of Surprise {+Inv MP+9} (You
                  | bought it in a shop on level 4 of the Dungeon)
  7564 | D:7      | Found a sand-covered staircase.
  7573 | D:7      | Reached XP level 9. HP: 74/74 MP: 12/12
  7577 | Ossuary  | Entered an ossuary
  7596 | Ossuary  | Reached skill level 6 in Axes
  7803 | Ossuary  | Reached **** piety under Lugonu
  8659 | D:6      | Noticed Eustachio
  8670 | D:6      | Killed Eustachio
  8707 | D:6      | Found a blossoming altar of Fedhas.
  8998 | D:6      | Found a sparkling altar of Nemelex Xobeh.
  9035 | D:6      | Reached skill level 7 in Axes
  9332 | D:7      | Found a burning altar of Makhleb.
  9658 | D:8      | Found a runed door.
  9659 | D:8      | Noticed Zingi's ghost (novice HOMo)
  9760 | D:8      | You fall through a shaft!
 10066 | D:8      | Reached ***** piety under Lugonu
 10075 | D:8      | Reached XP level 10. HP: 60/83 MP: 14/14
 10138 | D:8      | Reached skill level 8 in Axes
 10234 | D:8      | Killed from afar by a centaur

Skill      XL: |  1  2  3  4  5  6  7  8  9 10 |
---------------+-------------------------------+-----
Axes           | 2 3 4 5 7 8 |  8.1
Dodging        | 1 2 3 4 |  4.2
Armour         | 2 3 4 5 |  5.8
Invocations    | 3 4 5 6 |  6.6
Fighting       | 4 5 6 |  6.0

Action                   |  1- 3 |  4- 6 |  7- 9 | 10-12 || total
-------------------------+-------+-------+-------+-------++-------
Melee: Hand axe          |    94 |   156 |    37 |       ||   287
       Kick              |    20 |    30 |   102 |    10 ||   162
       War axe           |       |       |   373 |    44 ||   417
Invok: Depart the Abyss  |     1 |       |       |       ||     1
       Banish            |       |       |     3 |       ||     3
Evoke: Wand              |       |       |       |     1 ||     1
  Use: Scroll            |     5 |     5 |     8 |     1 ||    19
       Potion            |       |     1 |     4 |     1 ||     6
  Eat: Ration            |     1 |       |     2 |       ||     3
       Chunk             |       |     7 |     9 |       ||    16
Armor: Leather armour    |    31 |       |       |       ||    31
       Chain mail        |    20 |   124 |   151 |       ||   295
       Ring mail         |     4 |       |   155 |    49 ||   208
Dodge: Dodged            |    40 |    41 |   195 |    42 ||   318
